 Dungeon Crawl Stone Soup version 0.32-a0-576-g706899e69d (webtiles) character file.

Game seed: 1134615319380333702

44 horus123 the Magician (level 3, -1/29 HPs)
             Began as a Mountain Dwarf Warper on Mar 2, 2024.
             Slain by a gnoll
             ... wielding a +0 halberd
              (11 damage)
             ... on level 2 of the Dungeon.
             The game lasted 00:02:36 (1472 turns).

horus123 the Magician (Mountain Dwarf Warper)       Turns: 1472, Time: 00:02:36

Health: -1/29      AC:  3    Str: 13    XL:     3   Next: 39%
Magic:  7/7        EV: 11    Int: 15    God:
Gold:   67         SH:  0    Dex:  9    Spells: 3/8 levels left

rFire   . . .        a - +0 mace
rCold   . . .        (no shield)
rNeg    . . .        b - +0 leather armour
rPois   .            (no helmet)
rElec   .            (no cloak)
rCorr   .            (no gloves)
SInv    .            (no boots)
Will    .....        (no amulet)
Stlth   +            (no ring)
HPRegen 0.24/turn    (no ring)
MPRegen 0.10/turn

%: no passive effects
@: no status effects
A: runic magic, artefact enchanting
a: no special abilities


You were on level 2 of the Dungeon.
You visited 1 branch of the dungeon, and saw 2 of its levels.

You collected 67 gold pieces.

Inventory:

Hand Weapons
 a - a +0 mace (weapon)
Missiles
 d - 4 darts of dispersal (quivered)
Armour
 b - a +0 leather armour (worn)
Scrolls
 c - a scroll of blinking
 g - a scroll of fog {unknown}
 h - 2 scrolls of enchant weapon {unknown}
 i - 3 scrolls of teleportation {unknown}
 j - 2 scrolls of poison {unknown}
 k - a scroll of fear {unknown}
 l - a scroll of vulnerability {unknown}
 m - a scroll of identify {unknown}
 n - a scroll of enchant armour {unknown}
Potions
 e - a potion of curing {unknown}
 f - a potion of lignification {unknown}


   Skills:
 - Level 2.1 Fighting
 - Level 2.4 Maces & Flails
 - Level 0.7 Throwing
 - Level 1.1 Armour
 - Level 1.3 Dodging
 - Level 3.1 Spellcasting
 + Level 0.7 Conjurations
 - Level 2.4 Translocations


You had 3 spell levels left.
You knew the following spells:

 Your Spells              Type           Power      Damage    Failure   Level
a - Magic Dart            Conj           16%        1d3       16%         1
b - Blink                 Tloc           18%        N/A       12%         2
c - Lesser Beckoning      Tloc           18%        N/A       12%         2

Your spell library contained the following spells:

 Spells                   Type           Power      Damage    Failure   Level
 Teleport Other           Tloc           9%         N/A       22%         3
 Call Imp                 Summ           4%         N/A       30%         2
 Manifold Assault         Tloc           9%         N/A       58%         4
 Vhi's Electric Charge    Tloc/Air       10%        N/A       77%         4


Dungeon Overview and Level Annotations

Branches:
Dungeon (2/15)

Altars:


Innate Abilities, Weirdness & Mutations

Your spellcasting is much less encumbered by armour.
You can use scrolls of enchantment on lesser artefacts.


Message History

Throw: 6 darts (disperse)
Press: ? - help, Q - select action, (/) - cycle Shift-Dir - straight line, f/p - gnoll
Aim: a gnoll, wielding a +0 halberd (54% to hit)
You throw a dart of dispersal. The dart of dispersal hits the gnoll.
The gnoll blinks!
Throw: 5 darts (disperse)
Press: ? - help, Q - select action, (/) - cycle Shift-Dir - straight line, f/p - gnoll
Aim: a gnoll, wielding a +0 halberd (54% to hit)
You throw a dart of dispersal.
The dart of dispersal barely misses the gnoll.
Unknown command.
The gnoll attacks as it pursues you! The gnoll closely misses you.
The gnoll attacks as it pursues you!
The gnoll hits you from afar with a +0 halberd.
The gnoll attacks as it pursues you! The gnoll hits you but does no damage.
The gnoll attacks as it pursues you! The gnoll barely misses you.
The gnoll attacks as it pursues you! The gnoll barely misses you.
The gnoll attacks as it pursues you! The gnoll misses you.
You see here a +0 club.
The gnoll attacks as it pursues you! The gnoll closely misses you.
The gnoll attacks as it pursues you!
The gnoll hits you from afar with a +0 halberd.
Okay, then.
The gnoll closely misses you.
You hit the gnoll.
The gnoll is moderately wounded.
The gnoll hits you with a +0 halberd.
You hit the gnoll.
The gnoll is severely wounded.
The gnoll hits you with a +0 halberd.
You hit the gnoll.
The gnoll is almost dead.
The gnoll barely misses you. The gnoll closely misses you.
You closely miss the gnoll.
The gnoll is almost dead.
The gnoll barely misses you.
You barely miss the gnoll.
The gnoll is almost dead.
The gnoll hits you with a +0 halberd!
You die...

..#... ##.....#.........>..#
. #...
###...#...........#### #..#
####.#...........##..
####....##..........##..
###....).)##..........##..
##.........##..........##..
##.........g##..........##..
#..####.###g##..........##..
##..##...#
#@########.##.....
#...#....# #.# #.##.##..
#...#....###.# .....##..
##........##..# ########..
#....#######..# #.. . #(...#
###...# #..
...#....####.....# ######
..........(......# #..#..
######.############ #..#..


You could see 2 gnolls.

Vanquished Creatures
  A gnoll (D:2)
  2 dart slugs (D:1)
  2 giant cockroaches
  3 goblins
  8 hobgoblins
  2 kobolds
  2 quokkas
  2 ball pythons
  2 bats
  4 frilled lizards (D:1)
28 creatures vanquished.

Notes
Turn   | Place    | Note
-------+----------+-------------------------------------------
     0 | D:1      | horus123 the Mountain Dwarf Warper began the quest for the
                  | Orb.
     0 | D:1      | Reached XP level 1. HP: 17/17 MP: 3/3
    66 | D:1      | Reached skill level 2 in Spellcasting
   211 | D:1      | Reached XP level 2. HP: 23/24 MP: 5/5
   418 | D:1      | Learned a level 1 spell: Magic Dart
   421 | D:1      | Learned a level 2 spell: Blink
   424 | D:1      | Learned a level 2 spell: Lesser Beckoning
   622 | D:1      | Found a faded altar of an unknown god.
  1054 | D:2      | Reached skill level 3 in Spellcasting
  1210 | D:2      | Reached XP level 3. HP: 18/29 MP: 7/7
  1472 | D:2      | Slain by a gnoll

Illustrated notes

Levels and vault maps discovered:
D:1:      kilobyte_arrival_exit_the_forest, layout_loops_cross,
          ebering_ecumenical_altar_petrified, minmay_tromino_v4_a
D:2:      minmay_recursive_quarters, layout_basic, hangedman_decor_push

Skill      XL: |  1  2 |
---------------+-------+-----
Spellcasting   | 2 3 |  3.1
Fighting       | |  2.1
Maces & Flails | |  2.4
Throwing       | |  0.7
Armour         | |  1.1
Dodging        | |  1.3
Conjurations   | |  0.7
Translocations | |  2.4

Action                     || total
---------------------------++-------
  Melee: Mace              ||   105
  Throw: Dart              ||     3
 Armour: Leather armour    ||   106
  Dodge: Dodged            ||    81

Table legend: (Time is in decaauts)
 A = Elapsed time spent in this place.
 B = Non-inter-level travel time spent in this place.
 C = Inter-level travel time spent in this place.
 D = Time resting spent in this place.
 E = Time spent auto-exploring this place.
 F = Levels seen in this place.
 G = Mean time per level.
                   A        B        C        D        E       F      G
               +--------+--------+--------+--------+--------+-----+--------+
         Total |   1512 |   1474 |     38 |    115 |   1048 |   2 |  756.0 |
       Dungeon |   1512 |   1474 |     38 |    115 |   1048 |   2 |  756.0 |
               +--------+--------+--------+--------+--------+-----+--------+

Top non-repeatable levels by time:
     D:1: 1059 daAuts
     D:2: 452 daAuts
